Map: Acid Plant LE

Players

PtitDrogo

  • Race: Protoss Protoss
  • Spawn Location: 5:00

MMA - Winner!

  • Race: Terran Terran
  • Spawn Location: 11:00

Event: HomeStory Cup XVII

VOD

Have the link to the VOD?

Description

Time

  • Played on: June 29, 2018, 10:59 a.m.
  • Length: 10:29

All games in this series

Show
View Real Time Build Order
Export as new Build Order

PtitDrogo Protoss 

Build Orders: 1 Gate Expand, Double Forge, Blink Stalkers 

Get SALT Encoding   

  12  0:00  Probe  
  13  0:12  Probe  
  14  0:17  Pylon  
  14  0:23  Probe  
  15  0:32  Probe  
  15  0:37  Gateway  
  15  0:40  Probe  
  16  0:46  Assimilator  
  17  0:51  Probe  
  18  1:03  Probe  
  19  1:15  Probe  
  20  1:24  Nexus  
  20  1:32  Cybernetics Core  
  20  1:35  Probe  
  21  1:40  Assimilator  
  22  1:47  Probe  
  22  1:50  Pylon  
  22  1:58  Stalker  
  22  1:59  Probe  
  23  2:08  Warp Gate  
  23  2:11  Probe  
  26  2:23  Probe  
  26  2:24  Twilight Council  
  27  2:32  Probe x2, Stalker  
  31  2:40  Probe x2  
  32  2:49  Probe  
  32  2:50  Probe  
  33  2:51  Blink  
  35  3:01  Probe  
  35  3:02  Probe  
  37  3:09  Stalker  
  39  3:13  Probe  
  40  3:22  Probe  
  40  3:27  Gateway  
  40  3:29  Gateway, Probe  
  41  3:34  Probe  
  41  3:39  Stalker  
  44  3:42  Robotics Facility  
  44  3:43  Probe  
  45  3:50  Pylon  
  45  3:51  Probe  
  46  4:05  Nexus  
  46  4:09  Probe x2  
  48  4:13  Pylon  
  48  4:18  Stalker  
  48  4:21  Stalker  
  48  4:22  Stalker  
  54  4:24  Observer  
  54  4:28  Assimilator  
  54  4:31  Probe x2  
  57  4:43  Probe x2, Observer  
  59  4:51  Forge  
  60  4:53  Forge, Pylon  
  60  4:55  Charge  
  60  4:57  Probe x2  
  62  5:11  Probe x2  
  62  5:13  Gateway  
  64  5:14  Gateway  
  64  5:15  Gateway  
  65  5:21  Stalker  
  65  5:23  Stalker x2  
  65  5:25  Immortal  
  65  5:26  Protoss Ground Weapons Level 1  
  72  5:45  Stalker  
  74  5:52  Stalker  
  68  5:57  Probe  
  68  6:00  Probe  
  68  6:08  Probe  
  68  6:09  Probe, Stalker x2  
  74  6:12  Probe  
  74  6:14  Pylon  
  74  6:16  Protoss Ground Armor Level 1  
  73  6:32  Nexus  
  73  6:35  Stalker x3, Pylon  
  73  6:36  Probe  
  77  6:41  Probe  
  78  6:53  Probe x2  
  80  6:54  Sentry  
  82  7:02  Protoss Ground Weapons Level 2  
  82  7:05  Probe x2  
  82  7:08  Gateway x2  
  84  7:17  Probe  
  84  7:18  Probe  
  86  7:29  Pylon  
  86  7:30  Pylon  
  86  7:33  Probe x2  
  86  7:41  Pylon  
  86  7:43  Immortal  
  86  7:45  Probe  
  86  7:48  Zealot x5  
  99  7:52  Probe  
  100  8:01  Probe  
  100  8:05  Probe  
  102  8:07  Assimilator x2  
  102  8:10  Zealot  
  102  8:11  Stalker x2, Zealot x2  
  112  8:16  Zealot x2  
  116  8:20  Zealot  
  114  8:31  Stalker  
  114  8:32  Stalker x2  
  109  8:44  Stalker x3  
  109  8:45  Stalker x2  
  109  8:57  Stalker x3  
  109  8:58  Probe  
  109  8:59  Probe  
  117  9:06  Pylon  
  117  9:08  Pylon  
  117  9:18  Immortal  
  117  9:28  Zealot x3  
  127  9:33  Assimilator  
  127  9:43  Templar Archives  
  127  9:49  Zealot x3  
  133  9:53  Pylon  
  133  9:55  Pylon  
  130  10:08  Zealot x3  
  127  10:20  Zealot x5  
Show
View Real Time Build Order
Export as new Build Order

MMA Terran - Winner!

Build Orders: Gas First Reaper Expand, Reaper Expand, MMM Bio, Banshee Rush 

Get SALT Encoding   

  12  0:00  SCV  
  13  0:13  SCV  
  14  0:17  Supply Depot  
  14  0:25  SCV  
  15  0:31  Refinery  
  15  0:38  SCV  
  16  0:44  Barracks  
  16  0:50  SCV  
  17  1:02  SCV  
  18  1:14  SCV  
  19  1:31  Orbital Command, Reaper  
  20  1:44  Command Center  
  20  1:54  Factory  
  20  1:58  SCV  
  21  2:03  Refinery  
  21  2:07  Barracks Reactor  
  21  2:10  SCV  
  22  2:15  Supply Depot  
  22  2:22  SCV  
  23  2:37  SCV  
  23  2:38  Widow Mine  
  23  2:42  Starport  
  26  2:45  Marine x2  
  26  2:49  SCV  
  29  2:56  Orbital Command  
  29  3:03  Marine x2  
  29  3:04  SCV  
  32  3:07  Factory Tech Lab  
  32  3:18  SCV, Starport Tech Lab  
  33  3:21  Marine x2  
  33  3:22  SCV  
  35  3:34  SCV x2  
  35  3:35  Cloaking Field  
  35  3:36  Banshee  
  40  3:41  Supply Depot  
  40  3:46  SCV x2  
  42  3:49  Siege Tank  
  42  3:53  Supply Depot  
  45  3:58  Marine  
  46  4:03  Marine, SCV x2  
  46  4:08  Supply Depot  
  49  4:15  SCV x2  
  49  4:16  Marine  
  52  4:20  Marine  
  52  4:23  Banshee  
  56  4:27  SCV x2  
  58  4:31  Siege Tank  
  58  4:34  Marine  
  62  4:40  Command Center  
  62  4:42  Supply Depot  
  62  4:44  SCV x2  
  64  4:49  Marine  
  64  4:52  Marine  
  66  4:56  SCV x2  
  66  4:59  Refinery  
  68  5:00  Refinery  
  68  5:06  Engineering Bay  
  68  5:09  Engineering Bay  
  68  5:15  SCV x2  
  68  5:18  Starport Reactor  
  68  5:19  Factory Reactor, Barracks  
  70  5:24  Stimpack, Marine, Barracks  
  70  5:28  SCV x2  
  73  5:35  Terran Infantry Weapons Level 1  
  73  5:40  SCV  
  73  5:42  Marine, SCV  
  75  5:43  Terran Infantry Armor Level 1  
  76  5:52  SCV  
  76  5:53  Bunker  
  76  5:54  SCV  
  72  5:57  Orbital Command  
  72  6:00  Marine  
  73  6:04  SCV  
  73  6:06  Marine  
  73  6:09  Marine  
  74  6:13  Combat Shields  
  74  6:16  Marauder, SCV  
  74  6:18  Marine  
  77  6:21  Barracks  
  77  6:22  Barracks  
  77  6:24  Marine  
  75  6:27  Marine  
  75  6:28  Widow Mine x2  
  75  6:29  Medivac x2  
  75  6:36  Marauder  
  75  6:37  Marine, SCV x2  
  73  6:42  Bunker  
  73  6:43  Armory  
  73  6:49  Widow Mine x2  
  73  6:50  Marine  
  73  6:51  Marine  
  79  6:55  Marauder  
  79  6:58  Marauder  
  79  6:59  Supply Depot  
  79  7:00  Supply Depot  
  82  7:04  SCV x2  
  82  7:06  Medivac x2  
  88  7:13  Marine  
  88  7:14  Marine  
  90  7:17  Marauder  
  90  7:19  Marauder  
  90  7:21  Barracks Tech Lab  
  89  7:24  Barracks Reactor  
  89  7:28  Orbital Command  
  89  7:29  Supply Depot  
  88  7:31  Marine x2  
  88  7:32  Concussive Shells  
  88  7:33  SCV x2  
  88  7:35  Widow Mine  
  88  7:36  Widow Mine  
  93  7:37  Supply Depot  
  93  7:38  Marauder  
  93  7:39  Supply Depot  
  93  7:40  Marauder  
  96  7:45  SCV x2  
  96  7:48  Marauder  
  99  7:56  Marine x2  
  101  7:59  Marauder, SCV x3  
  101  8:02  Marauder  
  108  8:06  Medivac  
  108  8:07  Medivac, Supply Depot  
  108  8:08  Supply Depot  
  108  8:10  Marine x2  
  108  8:12  Marauder  
  116  8:15  SCV  
  116  8:16  SCV  
  116  8:17  Ghost Academy, SCV  
  113  8:28  SCV x2  
  113  8:29  Marine x2, Marauder x2  
  113  8:30  SCV  
  117  8:34  Widow Mine x2  
  117  8:35  Marauder  
  117  8:39  Marine x2  
  117  8:40  SCV x2  
  120  8:43  SCV  
  120  8:47  Marine  
  120  8:51  Marauder x2  
  120  8:55  Widow Mine, Medivac  
  123  8:56  Widow Mine  
  123  9:09  Marauder, Marine  
  125  9:10  Marine  
  125  9:11  Marine  
  125  9:12  Marauder x2, Marine  
  133  9:18  Supply Depot  
  133  9:19  Supply Depot  
  133  9:20  Widow Mine  
  133  9:21  Widow Mine  
  137  9:27  Marine  
  137  9:29  Refinery  
  137  9:30  Refinery  
  138  9:32  SCV x3  
  141  9:41  Supply Depot  
  141  9:42  Supply Depot  
  141  9:43  Ghost x2  
  145  9:48  Supply Depot, Ghost  
  147  9:54  Marine x4  
  147  9:57  Command Center  
Tags
 
Add a new tag
Caveats
  • Supply blocks, unpowered buildings, or Contaminate may cause inaccurate times.
  • Supply counts are checked every 10 seconds.